 Dungeon Crawl Stone Soup version 0.31-a0-691-g409c26aa35 (webtiles) character file.

Game seed: 8829606363146476983

705 qw the Skirmisher (level 7, -2/44 HPs)
             Began as a Gargoyle Hunter on Sept 6, 2023.
             Was an Initiate of Okawaru.
             Slain by a troll (7 damage)
             ... on level 5 of the Dungeon.
             The game lasted 00:01:31 (3367 turns).

qw the Skirmisher (Gargoyle Hunter)                 Turns: 3367, Time: 00:01:31

Health: -2/44      AC: 11    Str: 14    XL:     7   Next: 67%
Magic:  7/7        EV: 10    Int: 10    God:    Okawaru [......]
Gold:   232        SH:  0    Dex: 15    Spells: 6/6 levels left

rFire   + . .        Y - +0 shortbow
rCold   . . .        (shield currently unavailable)
rNeg    + . .        d - +0 ring mail
rPois   inf          (no helmet)
rElec   +            (no cloak)
rCorr   .            f - +0 pair of gloves
SInv    .            (no boots)
Will    .....        (no amulet)
Stlth   +            c - ring of protection from fire
HPRegen 0.27/turn    (no ring)
MPRegen 0.10/turn

%: no passive effects
@: no status effects
A: sickness immunity, AC +4, negative energy resistance 1, electricity
resistance, torment resistance 1, petrification resistance
a: Renounce Religion


You were on level 5 of the Dungeon.
You worshipped Okawaru.
Okawaru was noncommittal.
You visited 2 branches of the dungeon, and saw 6 of its levels.

You collected 232 gold pieces.


Innate Abilities, Weirdness & Mutations

You are immune to sickness and miasma.
Your stone body is resilient. (AC +4)
You are immune to poison.
You resist negative energy. (rN+)
You are resistant to electric shocks. (rElec)
You are resistant to unholy torment.
You are immune to petrification.


   Skills:
 + Level 4.9 Fighting
 - Level 8.1 Ranged Weapons
 - Level 1.0 Armour
 - Level 1.5 Dodging
 - Level 1.1 Stealth


You had 6 spell levels left.
You didn't know any spells.
Your spell library was empty.

Inventory:

Hand Weapons
 Y - a +0 shortbow (weapon)
Armour
 d - a +0 ring mail (worn)
 f - a +0 pair of gloves (worn)
Jewellery
 c - a ring of protection from fire (left hand)
Scrolls
 b - 3 scrolls of identify
Potions
 a - a potion of cancellation
 g - a potion of curing
 h - a potion of invisibility {unknown}
 i - a potion of might {unknown}

Dungeon Overview and Level Annotations

Branches:
Dungeon (5/15)             Temple (1/1) D:4

Altars:
Dithmenos
Fedhas
Gozag
Kikubaaqudgha
Nemelex Xobeh
Okawaru
Qazlal
Ru
Sif Muna
Trog
Wu Jian
Xom
Yredelemnul
Zin
The Shining One

Shops:
D:1 (   D:2 =


Message History

A troll comes into view.
You shoot an arrow. The troll shouts!
The arrow hits the troll.
The troll is lightly wounded.
You shoot an arrow. The arrow closely misses the troll.
You shoot an arrow.
The arrow hits the troll but does no damage.
The troll bites you! The troll barely misses you. The troll misses you.
You shoot an arrow. The arrow hits the troll.
The troll is lightly wounded.
The troll closely misses you. The troll barely misses you. x2
You shoot an arrow. The arrow hits the troll.
The troll is moderately wounded.
The troll barely misses you. The troll claws you but does no damage.
The troll barely misses you. The troll closely misses you.
The troll completely misses you. The troll barely misses you.
You shoot an arrow. The arrow hits the troll!
The troll is heavily wounded.
The troll bites you! The troll claws you but does no damage.
The troll claws you!
You shoot an arrow.
The arrow hits the troll but does no damage.
The troll is heavily wounded.
The troll bites you but does no damage. The troll barely misses you.
The troll claws you.
You shoot an arrow. The arrow closely misses the troll.
The troll bites you. The troll closely misses you. x2
You shoot an arrow. The arrow barely misses the troll.
The troll misses you. The troll claws you but does no damage.
The troll closely misses you.
You shoot an arrow. The arrow barely misses the troll.
The troll closely misses you. x2; The troll barely misses you.
You shoot an arrow. The arrow barely misses the troll.
The troll completely misses you. The troll claws you but does no damage.
The troll closely misses you.
You shoot an arrow. The arrow hits the troll!
The troll is heavily wounded.
The troll bites you!
You die...

.## ##.........#.#
#.##
#..#.####..#.###.#
#....# #........#
###### #.######.#
#..### #.#
#)...###.#
#...)..#.#
#...##.#.#
#@..##...#
#T..###..##
#...#.....#
....#.....#
##...#.....#
#...#.....#
....#.....#
.####.....#
#.....#


You could see a troll.

Vanquished Creatures
  An ice beast (D:4)
  Duvessa (D:5)
  An ogre (D:4)
  Dowan (D:5)
  A hound (D:3)
  Jessica (D:3)
  Natasha (D:4)
  An iguana (D:5)
  3 orc wizards
  4 adders
  8 gnolls
  8 dart slugs
  10 orcs
  7 ball pythons
  4 bats
  3 endoplasms
  5 giant cockroaches
  2 goblins
  5 hobgoblins
  4 jackals (D:4)
  5 kobolds
  7 frilled lizards
  6 rats
89 creatures vanquished.

Notes
Turn   | Place    | Note
-------+----------+-------------------------------------------
     0 | D:1      | qw the Gargoyle Hunter began the quest for the Orb.
     0 | D:1      | Reached XP level 1. HP: 12/12 MP: 1/1
     0 | D:1      | 0 ||| qw: Version: 0.3-a-76-g4403597
     0 | D:1      | 0 ||| qw: Game counter: 10
     0 | D:1      | 0 ||| qw: Melee chars always use a shield: true
     0 | D:1      | 0 ||| qw: God list: Okawaru
     0 | D:1      | 0 ||| qw: Allow faded altars: false
     0 | D:1      | 0 ||| qw: Do Orc after clearing Dungeon:15 true
     0 | D:1      | 0 ||| qw: Do second Lair branch before Depths: true
     0 | D:1      | 0 ||| qw: Lair rune preference: random
     0 | D:1      | 0 ||| qw: Goals: Normal
     0 | D:1      | 0 ||| PLANNING D:1-11
    14 | D:1      | Found Tasoo's Antique Weapon Shop.
    23 | D:1      | You fall into a shaft and drop 1 floor!
    44 | D:2      | Reached XP level 2. HP: 16/17 MP: 2/2
   105 | D:2      | 105 ||| UPGRADING to +0 ring mail.
   115 | D:2      | 115 ||| DROPPING +0 leather armour.
   116 | D:2      | 116 ||| DROPPING scroll of butterflies.
   200 | D:1      | Reached skill level 1 in Armour
   263 | D:1      | Reached XP level 3. HP: 21/21 MP: 3/3
   370 | D:1      | Reached skill level 5 in Ranged Weapons
   371 | D:1      | HP: 5/21 [goblin/+0 club (3)]
   701 | D:1      | 701 ||| READING scroll labelled RIASOLONUSM.
   902 | D:2      | Reached XP level 4. HP: 27/27 MP: 4/4
  1009 | D:2      | Reached skill level 3 in Fighting
  1032 | D:2      | Found Boulitsazo's Jewellery Shop.
  1041 | D:2      | 1041 ||| SHOPLISTING +4 ring of protection (468 gold, have
                  | 87).
  1041 | D:2      | 1041 ||| SHOPLISTING +5 ring of evasion (468 gold, have
                  | 87).
  1041 | D:2      | 1041 ||| SHOPLISTING +6 ring of strength (468 gold, have
                  | 87).
  1041 | D:2      | 1041 ||| SHOPLISTING ring of ice (325 gold, have 87).
  1415 | D:2      | 1415 ||| UPGRADING to +0 pair of gloves.
  1420 | D:2      | 1420 ||| UPGRADING to amulet of guardian spirit.
  1425 | D:2      | 1425 ||| READING scroll labelled OREILI OBYJYPURU.
  1426 | D:2      | 1426 ||| READING scroll labelled YTOEWEBBYMU.
  1429 | D:2      | 1429 ||| READING scroll labelled UXA PEUTIAM.
  1430 | D:2      | 1430 ||| READING scroll labelled UCHEFU VIGGUE.
  1431 | D:2      | 1431 ||| READING scroll labelled NEXKIKI FIMI.
  1721 | D:3      | Noticed Jessica
  1726 | D:3      | Killed Jessica
  1727 | D:3      | Reached XP level 5. HP: 32/32 MP: 5/5
  1813 | D:3      | Reached skill level 6 in Ranged Weapons
  2060 | D:3      | 2060 ||| UPGRADING to ring of protection from fire.
  2061 | D:3      | 2061 ||| DRINKING 2 white potions.
  2113 | D:4      | Found a shimmering blue altar of Sif Muna.
  2137 | D:4      | Noticed an ice beast
  2138 | D:4      | 2138 ||| RETREATING.
  2141 | D:4      | 2141 ||| Stepping ~*~*~tactically~*~*~ (retreating).
  2144 | D:4      | 2144 ||| Stepping ~*~*~tactically~*~*~ (retreating).
  2145 | D:4      | 2145 ||| Stepping ~*~*~tactically~*~*~ (retreating).
  2146 | D:4      | 2146 ||| Stepping ~*~*~tactically~*~*~ (retreating).
  2152 | D:4      | Killed an ice beast
  2153 | D:4      | Reached XP level 6. HP: 29/39 MP: 4/6
  2342 | D:4      | 2342 ||| FLEEEEING.
  2343 | D:4      | 2343 ||| FLEEEEING.
  2344 | D:4      | 2344 ||| FLEEEEING.
  2386 | D:4      | Found a stormy altar of Qazlal.
  2387 | D:4      | Found a staircase to the Ecumenical Temple.
  2388 | D:4      | 2388 ||| PLANNING TEMPLE
  2396 | D:4      | 2396 ||| DRINKING 2 murky dark potions.
  2397 | D:4      | 2397 ||| READING 2 scrolls of identify.
  2397 | D:4      | 2397 ||| IDENTIFYING sedimented coppery potion
  2398 | D:4      | 2398 ||| DROPPING potion of lignification.
  2406 | Temple   | Entered the Ecumenical Temple
  2407 | Temple   | 2407 ||| PLANNING OKAWARU WORSHIP
  2442 | Temple   | Became a worshipper of Warmaster Okawaru
  2443 | Temple   | 2443 ||| PLANNING D:1-11
  2443 | Temple   | 2443 ||| REMOVING amulet of guardian spirit.
  2448 | Temple   | 2448 ||| DROPPING amulet of guardian spirit.
  2628 | D:4      | Found an ancient bone altar of Kikubaaqudgha.
  2629 | D:4      | Found a shadowy altar of Dithmenos.
  2820 | D:4      | Noticed Natasha
  2821 | D:4      | 2821 ||| RETREATING.
  2825 | D:4      | 2825 ||| Stepping ~*~*~tactically~*~*~ (retreating).
  2826 | D:4      | 2826 ||| Stepping ~*~*~tactically~*~*~ (retreating).
  2831 | D:4      | HP: 9/39 [Natasha (4)]
  2832 | D:4      | 2832 ||| READING scroll of teleportation.
  2834 | D:4      | Reached skill level 7 in Ranged Weapons
  2834 | D:4      | 2834 ||| DRINKING potion of heal wounds.
  2844 | D:4      | 2844 ||| FLEEEEING.
  2845 | D:4      | 2845 ||| FLEEEEING.
  2846 | D:4      | 2846 ||| FLEEEEING.
  2847 | D:4      | 2847 ||| FLEEEEING.
  2848 | D:4      | 2848 ||| FLEEEEING.
  2849 | D:4      | 2849 ||| FLEEEEING.
  2850 | D:4      | 2850 ||| FLEEEEING.
  2851 | D:4      | 2851 ||| STAIRDANCE
  2893 | D:3      | 2893 ||| READING 2 scrolls of identify.
  2893 | D:3      | 2893 ||| IDENTIFYING fizzy pink potion
  2935 | D:4      | Reached XP level 7. HP: 43/44 MP: 7/7
  2947 | D:4      | Killed Natasha
  3150 | D:5      | Entered Level 5 of the Dungeon
  3265 | D:5      | Noticed Duvessa
  3288 | D:5      | Killed Duvessa
  3289 | D:5      | Reached skill level 8 in Ranged Weapons
  3299 | D:5      | Noticed Dowan
  3306 | D:5      | Killed Dowan
  3355 | D:5      | Noticed a troll
  3362 | D:5      | HP: 6/44 [troll (6)]
  3367 | D:5      | Slain by a troll

Levels and vault maps discovered:
D:1:      minmay_arrival_radiant_lines, layout_loops_cross, serial_shops, shop,
          palyth_stone_intersect, nicolae_grassy_gnolls
D:2:      layout_basic, serial_shops, nicolae_shop_waterfront,
          minmay_statues_item
D:3:      layout_rooms, uniq_jessica
D:4:      layout_loops_ring, nicolae_overflow_crystal_walls, led_sif_pool,
          nicolae_overflow_squiral, minmay_temple_entry_junction, uniq_natasha
D:5:      layout_rooms, elyvilon_altar_5, nrook_mini_backslash, uniq_duvessa
Temple:   minmay_temple_curvy_loop

Skill      XL: |  1  2  3  4  5  6  7 |
---------------+----------------------+-----
Armour         | 1 |  1.0
Ranged Weapons | 5 6 7 8 |  8.1
Fighting       | 3 4 |  4.9
Dodging        | |  1.5
Stealth        | |  1.1

Action                     |  1- 3 |  4- 6 |  7- 9 || total
---------------------------+-------+-------+-------++-------
   Fire: Shortbow          |    92 |   210 |    68 ||   370
    Use: Scroll            |     1 |     8 |       ||     9
         Potion            |       |     3 |       ||     3
 Armour: Leather armour    |     7 |       |       ||     7
         Ring mail         |    29 |   109 |    38 ||   176
  Dodge: Dodged            |    39 |    63 |    41 ||   143

Table legend:
 A = Non-vault XP
 B = Vault XP
 C = Vault XP percentage of total XP
 D = Non-vault monster count
 E = Vault monster count
 F = Vault count percentage of total count
                 A         B        C        D         E       F
            +---------+---------+-------+---------+---------+-------
      Total |     721 |     287 |  28.5 |      84 |       5 |   5.6
            +---------+---------+-------+---------+---------+-------
        D:1 |      41 |      14 |  25.5 |      23 |       1 |   4.2
        D:2 |      45 |       0 |   0.0 |      16 |       0 |   0.0
        D:3 |     111 |      37 |  25.0 |      16 |       1 |   5.9
        D:4 |     476 |      37 |   7.2 |      27 |       1 |   3.6
        D:5 |      48 |     199 |  80.6 |       2 |       2 |  50.0
            +---------+---------+-------+---------+---------+-------
